 Dungeon Crawl Stone Soup version 0.19.0-23-gf02e663 (webtiles) character file.

53762 RKaid the Severer (level 14, -3/145 HPs)
             Began as a Minotaur Fighter on Nov 19, 2016.
             Was the Champion of Okawaru.
             Drowned by a drowned soul (15 damage)
             ... summoned by a merfolk avatar
             ... on level 6 of the Lair of Beasts.
             The game lasted 00:36:42 (21732 turns).

RKaid the Severer (Minotaur Fighter)               Turns: 21732, Time: 00:36:42

Health: -3/145     AC: 24    Str: 28    XL:     14   Next: 32%
Magic:  20/21      EV: 13    Int:  5    God:    Okawaru [******]
Gold:   1134       SH: 12    Dex: 15    Spells: 0 memorised, 13 levels left

rFire  + + .     SeeInvis .     a - +1 war axe (chop)
rCold  + . .     Gourm    .     i - +0 chain mail {rC+}
rNeg   . . .     Faith    .     c - +0 shield
rPois  .         Spirit   .     (helmet restricted)
rElec  .         Reflect  .     t - +2 cloak {+Inv}
rCorr  .         Harm     .     q - +1 pair of gloves {Str+3}
MR     +....                    Z - +0 pair of boots {Fly}
Stlth  ..........               u - amulet of rage {+Rage, !d}
                                g - +2 ring of evasion
                                P - ring of protection from fire {rF+, !d}

@: heroism, flying, mesmerised
A: retaliatory headbutt, horns 2, rugged brown scales 1, thin skeletal structure
1, agile 1, fire resistance 1, robust 1
a: Heroism, Finesse, Renounce Religion, Evoke Berserk Rage, Evoke Invisibility,
Stop Flying


You were on level 6 of the Lair of Beasts.
You worshipped Okawaru.
Okawaru was exalted by your worship.
You were hungry.

You visited 3 branches of the dungeon, and saw 18 of its levels.
You also visited: Sewer and Ossuary.

You collected 1134 gold pieces.

Inventory:

Hand Weapons
 a - a +1 war axe of chopping (weapon)
 H - the +1 dagger "Pimec" {pierce, +Rage rN+, unknown}
   (You found it on level 6 of the Dungeon)

   It inflicts extra damage upon your enemies.
   It protects you from negative energy.
   It lets you go berserk.
Armour
 c - a +0 shield (worn)
 i - a +0 chain mail of cold resistance (worn)
   (You found it on level 1 of the Lair of Beasts)
 q - a +1 pair of gloves of strength (worn)
   (Okawaru gifted it to you on level 2 of the Lair of Beasts)
 t - a +2 cloak of invisibility (worn)
   (Okawaru gifted it to you on level 6 of the Lair of Beasts)
 M - a +2 ring mail of cold resistance
   (You found it on level 8 of the Dungeon)
 Z - a +0 pair of boots of flying (worn)
   (Okawaru gifted it to you on level 6 of the Lair of Beasts)
Jewellery
 g - a +2 ring of evasion (right hand)
   (You found it on level 4 of the Lair of Beasts)
 u - an amulet of rage (around neck) {+Rage, !d}
   (You found it on level 11 of the Dungeon)
 N - a +1 ring of protection
   (You found it on level 11 of the Dungeon)
 P - a ring of protection from fire (left hand) {rF+, !d}
   (You found it on level 7 of the Dungeon)
 V - an uncursed amulet of regeneration {unknown}
   (You found it on level 5 of the Lair of Beasts)
 W - a +5 ring of intelligence
   (You found it on level 11 of the Dungeon)
Wands
 b - a wand of digging (10/24)
   (You found it on level 10 of the Dungeon)
 e - a wand of polymorph (16/24)
   (You found it on level 7 of the Dungeon)
 k - a wand of confusion (34/48)
   (You found it on level 2 of the Lair of Beasts)
 l - a wand of iceblast (5/15)
   (You found it on level 2 of the Lair of Beasts)
 o - a wand of acid (9/15)
   (You found it on level 2 of the Dungeon)
 v - a wand of lightning (11/15)
   (You found it in a sewer)
 A - a wand of polymorph (13/24)
   (You found it on level 2 of the Lair of Beasts)
 J - a wand of confusion (21/48)
   (You found it on level 7 of the Dungeon)
 O - a wand of iceblast (7/15)
   (You took it off Sonja on level 4 of the Lair of Beasts)
 U - a wand of paralysis (13/24)
   (You took it off Erolcha on level 10 of the Dungeon)
Scrolls
 j - 9 scrolls of remove curse
 r - 2 scrolls of enchant weapon
 s - 4 scrolls of magic mapping {!r}
 w - 3 scrolls of recharging
 C - 2 scrolls of fog
 F - 2 scrolls of blinking {!r}
 Q - 2 scrolls of teleportation
 T - 3 scrolls of fear
Potions
 d - 5 potions of might
 h - 6 potions of brilliance
 m - 4 potions of flight {unknown}
 n - 2 potions of mutation {unknown}
 p - 3 potions of cancellation
 x - 2 potions of resistance
 z - 2 potions of haste
 B - 4 potions of lignification {!q}
 D - 3 potions of heal wounds
 E - a potion of berserk rage {!q}
 G - 3 potions of cure mutation {!q}
 I - 2 potions of invisibility
 K - 3 potions of magic
 L - 2 potions of curing
Books
 y - a book of Geomancy
   (You found it on level 6 of the Lair of Beasts)
Comestibles
 f - 7 bread rations
 R - 2 slices of pizza
 S - 7 meat rations
 Y - 9 fruits


   Skills:
 - Level 13.5(18.5) Fighting
 + Level 18.6(23.6) Axes
 - Level 13.5(18.5) Armour
 - Level 3.6(8.6) Shields
 + Level 10.7 Invocations


You had 13 spell levels left.
You didn't know any spells.

Dungeon Overview and Level Annotations

Branches:
Dungeon (11/15)            Temple (1/1) D:7            Lair (6/6) D:11
 Shoals (0/4) Lair:4        Snake (0/4) Lair:4        Slime (0/5) Lair:6
    Orc: D:9-12

Altars:
Ashenzari
Cheibriados
Dithmenos
Elyvilon
Fedhas
Gozag
Hepliaklqana
Kikubaaqudgha
Makhleb
Nemelex Xobeh
Okawaru
Qazlal
Ru
Sif Muna
Trog
Uskayaw
Vehumet
Xom
Yredelemnul
Zin
The Shining One

Annotations:
D:4 1 runed door
D:6 Pikel
Lair:1 exclusion: hydra
Lair:4 exclusion: oklob plant


Innate Abilities, Weirdness & Mutations

You reflexively headbutt those who attack you in melee.
You have a pair of horns on your head.
You are partially covered in rugged brown scales. (AC +1, +3% HP)
You have a somewhat thin skeletal structure. (Dex +2, Stealth)
You are agile. (Dex +2)
Your flesh is heat resistant. (rF+)
You are robust. (+10% HP)


Message History

The pull of its song draws you forwards.
You block the dire elephant's attack. x2; The rime drake barely misses you.
You furiously retaliate!
You headbutt the rime drake!
The merfolk avatar chants its luring song.
The wind drake closely misses you. You furiously retaliate!
You headbutt the wind drake. The komodo dragon closely misses you.
You furiously retaliate!
You headbutt the komodo dragon, but do no damage.
You hit the dire elephant but do no damage.
You headbutt the dire elephant, but do no damage.
You hit the rime drake. You closely miss the sea snake.
You barely miss the komodo dragon. You closely miss the wind drake.
You block the rime drake's attack. You block the sea snake's attack.
The dire elephant tramples you.
You hold your ground!
The dire elephant barely misses you. The wind drake barely misses you.
The merfolk avatar chants its luring song.
The komodo dragon closely misses you. You furiously retaliate!
You headbutt the komodo dragon! You hit the dire elephant.
You hit the rime drake. You slash the sea snake! You hit the komodo dragon.
You slash the wind drake!
The rime drake bites you but does no damage.
You block the sea snake's attack. The wind drake flaps its wings at you.
The air twists around and violently strikes you in flight!
The dire elephant misses you. You furiously retaliate!
You headbutt the dire elephant! You block the dire elephant's attack.
The merfolk avatar chants its luring song.
You hit the dire elephant but do no damage.
You headbutt the dire elephant, but do no damage.
You slash the rime drake!
You kill the rime drake!
Okawaru accepts your kill.
You hit the sea snake but do no damage. You slash the komodo dragon!
You slash the wind drake!
The sea snake bites you but does no damage.
The komodo dragon closely misses you.
The wind drake bites you but does no damage.
You block the dire elephant's attack. The dire elephant trunk-slaps you.
You slice the dire elephant!! You headbutt the dire elephant!
You slash the sea snake!
You kill the sea snake!
Okawaru accepts your kill.
You hit the komodo dragon but do no damage.
You slash the wind drake! You block the komodo dragon's attack.
The wind drake bites you but does no damage.
The merfolk avatar chants its luring song.
The dire elephant tramples you!!
You are shoved backwards!
You hit the dire elephant. You headbutt the dire elephant.
You completely miss the komodo dragon.
The komodo dragon bites you but does no damage.
You slash the dire elephant! You hit the komodo dragon.
The merfolk avatar chants its luring song.
The dire elephant tramples you but does no damage.
The dire elephant trunk-slaps you.
You hit the dire elephant but do no damage.
You headbutt the dire elephant.
You hit the komodo dragon but do no damage.
The komodo dragon bites you!!
* * * LOW HITPOINT WARNING * * *
You block the dire elephant's attack. The dire elephant trunk-slaps you.
* * * LOW HITPOINT WARNING * * *
You feel much better.
The wind drake exhales a fierce blast of wind!
The komodo dragon and the dire elephant are blown away by the wind.
The merfolk avatar chants its luring song.
You hit the dire elephant but do no damage.
You headbutt the dire elephant, but do no damage.
You slash the wind drake!
You kill the wind drake!
Okawaru accepts your kill.
The pull of its song draws you forwards.
The merfolk avatar chants its luring song.
The dire elephant tramples you!!
* * * LOW HITPOINT WARNING * * *
You are shoved backwards!
You hit the dire elephant but do no damage.
You headbutt the dire elephant, but do no damage.
The merfolk avatar chants its luring song.
The dire elephant tramples you but does no damage.
You block the dire elephant's attack.
You slash the dire elephant! You slash the komodo dragon!
You kill the komodo dragon!
Okawaru accepts your kill.
You slice the dire elephant!!
You kill the dire elephant!
Okawaru accepts your kill.
The pull of its song draws you forwards.
Shadowy forms rise from the deep at the merfolk avatar's song!
The merfolk avatar chants its luring song.
The merfolk avatar chants its luring song.
The drowned soul touches you. The drowned soul drowns you!
* * * LOW HITPOINT WARNING * * *
The merfolk avatar chants its luring song.
The drowned soul touches you. The drowned soul drowns you!
* * * LOW HITPOINT WARNING * * *
You see here 17 gold pieces.
You slice the merfolk avatar!! You slash the drowned soul!
The merfolk avatar chants its luring song.
The drowned soul touches you. The drowned soul drowns you!
You die...

..#.≈≈≈≈≈≈≈≈≈≈≈≈≈≈≈ ≈≈ P≈≈≈≈≈≈..
....≈≈≈≈≈≈≈≈≈≈≈≈≈≈≈≈ ≈ ≈≈≈≈≈≈≈..
.....##≈####################≈#≈..
.<..≈≈#≈≈≈≈.#8≈≈≈P≈≈≈≈.#8≈≈#≈≈#..
...%.≈≈P≈≈≈≈#P≈≈≈≈≈≈≈≈≈#≈≈P≈P≈≈..
.....†≈≈#≈≈≈#≈≈≈≈≈≈≈≈≈≈#PP≈≈≈≈≈..
....≈≈#≈≈≈≈≈#≈≈≈≈≈≈P≈≈≈#≈≈≈≈≈##..
....≈≈≈≈#P≈≈≈≈≈≈!?($≈≈≈.≈#≈#≈#≈≈.
.....≈≈≈≈≈.≈≈†≈≈@m≈)≈≈≈#≈≈≈≈≈≈≈..
....≈≈≈≈≈≈8≈≈≈≈≈$≈≈?≈≈≈#≈P≈≈≈≈≈..
....≈≈#≈#≈≈≈≈≈≈≈$//:≈≈≈#≈≈≈#≈#≈..
<...≈≈#≈#≈≈≈#≈P≈≈≈≈≈≈≈≈#≈≈≈≈≈≈#..
....≈≈≈≈≈≈≈≈#≈≈P≈≈≈≈≈≈≈#≈≈≈≈≈≈≈≈.
.....≈≈≈≈≈≈≈#≈≈≈#≈≈≈≈≈≈#≈≈≈≈≈≈P≈.
....≈#≈≈≈≈≈8#8≈≈P≈≈≈≈≈8#8≈≈#≈##P.
.....##≈########..##########≈##..
.(..≈≈≈≈≈≈≈≈≈≈≈≈≈#≈≈≈P≈≈≈≈≈≈≈≈≈≈.


You could see a merfolk avatar.

Vanquished Creatures
  2 dire elephants
  The ghost of Assic the Thaumaturge, a journeyman GrEE of Vehumet (Lair:3)
  Erolcha (D:10)
  2 hydras
  6 death yaks (Lair:5)
  A naga sharpshooter (Lair:4)
  Sonja (Lair:4)
  2 sea snakes (Lair:6)
  3 hill giants
  A manticore (Lair:6)
  A centaur zombie (D:10)
  25 elephants
  A black mamba (Lair:6)
  14 spiny frogs
  6 komodo dragons (Lair:6)
  5 rime drakes
  3 trolls
  The ghost of RKaid the Cleaver, an amateur MiBe of Trog (D:6)
  A two-headed ogre (D:10)
  A wind drake (Lair:6)
  15 blink frogs
  3 polar bears (Lair:6)
  12 dream sheep (Lair:6)
  5 hornets
  3 hippogriffs
  A vampire (D:10)
  The ghost of RKaid the Chucker, an amateur OgHu (D:3)
  5 wyverns
  46 yaks
  3 basilisks
  Edmund (D:6)
  3 nagas (Lair:4)
  5 porcupines
  12 water moccasins
  2 slaves (D:6)
  3 orc warriors
  2 black bears
  3 ice beasts
  3 sky beasts
  8 ogres
  2 phantoms
  2 necrophages (D:8)
  6 wolves (Lair:3)
  3 centaurs
  2 big kobolds
  17 crocodiles
  Blork the orc (D:4)
  The ghost of Zaque the Ducker, an amateur SpWr (D:8)
  A gnoll sergeant (D:5)
  11 bullfrogs
  4 water moccasin zombies (Ossuary)
  2 scorpions
  A wight (D:8)
  2 electric eels (Lair:2)
  5 crimson imps
  2 bullfrog zombies
  2 hounds
  3 quasits
  4 jellies
  3 orc priests
  12 orc wizards
  2 bullfrog skeletons
  2 centaur skeletons
  A gnoll shaman (D:8)
  7 iguanas
  7 worker ants
  4 big kobold zombies (Ossuary)
  A howler monkey zombie (D:5)
  3 mummies
  17 gnolls
  9 adders
  A river rat (D:11)
  A shadow imp (D:7)
  An ooze (D:4)
  6 adder zombies
  2 worms (D:4)
  4 dart slugs
  10 leopard geckos
  31 orcs
  7 ball pythons
  18 bats
  10 giant cockroaches
  A gnoll zombie (Ossuary)
  5 hobgoblins
  8 jackals
  15 kobolds
  4 quokkas
  5 frilled lizards
  7 goblins
  8 hobgoblin zombies (Ossuary)
  8 kobold zombies (Ossuary)
  5 orc zombies (Ossuary)
  A quokka skeleton (D:4)
  A quokka zombie (D:8)
  10 rats
  2 butterflies (Lair:5)
  A fungus (D:11)
  4 plants
529 creatures vanquished.

Vanquished Creatures (others)
  A bullfrog skeleton (D:7)
  2 bushes (Lair:5)
  25 fungi
  37 plants
65 creatures vanquished.

Grand Total: 594 creatures vanquished

Notes
Turn   | Place    | Note
-------+----------+-------------------------------------------
     0 | D:1      | RKaid the Minotaur Fighter began the quest for the Orb.
     0 | D:1      | Reached XP level 1. HP: 19/19 MP: 0/0
    75 | D:1      | Reached skill level 3 in Axes
   119 | D:1      | Reached XP level 2. HP: 26/26 MP: 1/1
   574 | D:1      | Reached skill level 4 in Axes
   888 | D:2      | Reached XP level 3. HP: 28/31 MP: 2/2
   927 | D:2      | Reached skill level 5 in Axes
  1018 | D:2      | Reached XP level 4. HP: 27/39 MP: 3/3
  1229 | D:2      | Found a sparkling altar of Nemelex Xobeh.
  1497 | D:3      | Found a glowing drain.
  1510 | Sewer    | Entered a sewer
  1577 | Sewer    | Reached skill level 6 in Axes
  1724 | Sewer    | Noticed a bullfrog
  1725 | Sewer    | Noticed a bullfrog
  1734 | Sewer    | Killed a bullfrog
  1734 | Sewer    | Reached XP level 5. HP: 13/45 MP: 4/4
  1734 | Sewer    | HP: 8/45 [bullfrog (6)]
  1735 | Sewer    | Reached skill level 7 in Axes
  1982 | Sewer    | Identified the Disquisition on Creative Transmutation
  2216 | D:3      | Noticed RKaid's ghost (amateur OgHu)
  2230 | D:3      | Killed RKaid's ghost
  2230 | D:3      | Reached skill level 8 in Axes
  2230 | D:3      | Reached XP level 6. HP: 30/51 MP: 5/5
  2747 | D:4      | Reached skill level 9 in Axes
  2747 | D:4      | Reached XP level 7. HP: 48/57 MP: 6/6
  2910 | D:4      | Noticed Blork the orc
  2920 | D:4      | HP: 8/57 [Blork the orc/puff of flame (8)]
  2930 | D:4      | HP: 14/57 [Blork the orc/puff of flame (2)]
  2933 | D:4      | Killed Blork the orc
  3214 | D:4      | Found a white marble altar of Elyvilon.
  3215 | D:4      | Found a runed door.
  3215 | D:4      | Noticed an angel
  3273 | D:4      | Reached skill level 10 in Axes
  3925 | D:5      | Entered Level 5 of the Dungeon
  4129 | D:5      | HP: 14/57 [something (3)]
  4134 | D:5      | HP: 11/57 [poisoned by an orc wizard]
  4139 | D:5      | HP: 10/57 [poisoned by an orc wizard]
  4144 | D:5      | HP: 9/57 [poisoned by an orc wizard]
  4152 | D:5      | HP: 9/57 [poisoned by an orc wizard]
  4435 | D:5      | Reached skill level 11 in Axes
  4450 | D:5      | Reached XP level 8. HP: 22/64 MP: 7/7
  4462 | D:5      | HP: 16/64 [gnoll/whip (8)]
  4464 | D:5      | HP: 6/64 [gnoll/halberd (11)]
  5509 | D:5      | Reached skill level 12 in Axes
  5956 | D:6      | Found a shadowy altar of Dithmenos.
  5961 | D:6      | Noticed Edmund
  5975 | D:6      | Killed Edmund
  6033 | D:6      | Noticed RKaid's ghost (amateur MiBe)
  6412 | D:6      | Killed RKaid's ghost
  6412 | D:6      | Reached skill level 13 in Axes
  6663 | D:6      | Gained mutation: You are agile. (Dex +2) [mutagenic meat]
  6691 | D:6      | Got a faintly glowing dagger
  6775 | D:6      | Noticed Pikel
  6784 | D:6      | HP: 16/64 [slave[Pikel] (5)]
  6792 | D:6      | HP: 5/64 [slave[Pikel] (4)]
  6818 | D:6      | HP: 9/64 [slave[Pikel] (1)]
  6830 | D:7      | HP: 11/64 [ball python (1)]
  7115 | D:7      | Reached XP level 9. HP: 59/70 MP: 8/8
  7192 | D:7      | Found a sand-covered staircase.
  7233 | Ossuary  | Entered an ossuary
  7317 | Ossuary  | Reached skill level 14 in Axes
  8144 | D:6      | Reached skill level 15 in Axes
  8527 | D:7      | Found a staircase to the Ecumenical Temple.
  8647 | Temple   | Entered the Ecumenical Temple
  8694 | Temple   | Became a worshipper of Warmaster Okawaru
  8796 | D:8      | Reached skill level 4 in Fighting
  8796 | D:8      | Reached skill level 4 in Armour
  8904 | D:8      | Reached skill level 5 in Fighting
  8908 | D:8      | Reached skill level 5 in Armour
  9020 | D:8      | Reached * piety under Okawaru
  9085 | D:8      | Reached XP level 10. HP: 82/82 MP: 9/9
  9298 | D:8      | Noticed Zaque's ghost (amateur SpWr)
  9307 | D:8      | Killed Zaque's ghost
  9307 | D:8      | Reached skill level 6 in Fighting
  9307 | D:8      | Reached skill level 6 in Armour
  9414 | D:8      | Gained mutation: You are partially covered in rugged brown scales. (AC +1, +3% HP) [mutagenic meat]
  9415 | D:8      | Gained mutation: You have a somewhat thin skeletal structure. (Dex +2, Stealth) [mutagenic meat]
  9416 | D:8      | Gained mutation: You tend to lose your temper in combat. [mutagenic meat]
  9417 | D:8      | Lost mutation: You tend to lose your temper in combat. [mutagenic meat]
  9940 | D:9      | Reached skill level 7 in Fighting
 10114 | D:10     | Entered Level 10 of the Dungeon
 10128 | D:10     | Reached skill level 7 in Armour
 10236 | D:10     | Reached ** piety under Okawaru
 10525 | D:10     | Reached skill level 8 in Fighting
 10589 | D:10     | Noticed a hill giant
 10597 | D:10     | Killed a hill giant
 10597 | D:10     | Reached skill level 8 in Armour
 10669 | D:10     | HP: 22/92 [troll (11)]
 11040 | D:10     | Reached skill level 9 in Fighting
 11079 | D:10     | Reached *** piety under Okawaru
 11079 | D:10     | Reached skill level 9 in Armour
 11504 | D:11     | Reached XP level 11. HP: 96/101 MP: 10/10
 11505 | D:11     | Noticed a hill giant
 11514 | D:11     | Killed a hill giant
 11514 | D:11     | Reached skill level 10 in Fighting
 11552 | D:11     | Noticed Erolcha
 11555 | D:11     | Paralysed by Erolcha for 2 turns
 11556 | D:11     | HP: 22/101 [Erolcha/fireball (12)]
 11903 | D:10     | Reached **** piety under Okawaru
 11943 | D:10     | Paralysed by Erolcha for 2 turns
 11949 | D:10     | Killed Erolcha
 11949 | D:10     | Reached skill level 10 in Armour
 12270 | D:11     | Noticed a hill giant
 12522 | D:10     | Killed a hill giant
 12522 | D:10     | Reached ***** piety under Okawaru
 12522 | D:10     | Reached skill level 11 in Fighting
 12522 | D:10     | Reached skill level 11 in Armour
 12841 | D:11     | Found a staircase to the Lair.
 12851 | Lair:1   | Entered Level 1 of the Lair of Beasts
 13052 | Lair:1   | Gained mutation: You are robust. (+10% HP) [potion of beneficial mutation]
 13237 | Lair:1   | Noticed a seven-headed hydra
 13591 | Lair:1   | Reached skill level 12 in Fighting
 13684 | Lair:1   | Reached skill level 12 in Armour
 14240 | Lair:2   | Reached XP level 12. HP: 58/127 MP: 11/11
 14471 | Lair:2   | Received a gift from Okawaru
 14492 | Lair:2   | Noticed a five-headed hydra
 14777 | Lair:2   | Reached skill level 13 in Fighting
 14777 | Lair:2   | Reached skill level 13 in Armour
 14782 | Lair:3   | Found a bloodstained altar of Trog.
 14837 | Lair:3   | Gained mutation: Your flesh is heat resistant. (rF+) [potion of beneficial mutation]
 15096 | Lair:3   | Noticed Assic's ghost (journeyman GrEE)
 15122 | Lair:3   | Killed Assic's ghost
 15420 | Lair:3   | Reached ****** piety under Okawaru
 15733 | Lair:2   | Killed an 11-headed hydra
 15733 | Lair:2   | Reached skill level 1 in Invocations
 15740 | Lair:2   | HP: 26/129 [yak (12)]
 15744 | Lair:2   | Reached skill level 2 in Invocations
 16159 | Lair:2   | Reached skill level 3 in Invocations
 16435 | Lair:4   | Noticed Sonja
 16446 | Lair:4   | Killed Sonja
 16446 | Lair:4   | Reached skill level 4 in Invocations
 16511 | Lair:4   | Found a staircase to the Snake Pit.
 17025 | Lair:4   | Reached skill level 16 in Axes
 17025 | Lair:4   | Reached skill level 5 in Invocations
 17159 | Lair:4   | Found a staircase to the Shoals.
 18286 | Lair:6   | Entered Level 6 of the Lair of Beasts
 18415 | Lair:6   | Reached XP level 13. HP: 121/137 MP: 16/16
 18757 | Lair:6   | Reached skill level 6 in Invocations
 18759 | Lair:6   | Received a gift from Okawaru
 18935 | Lair:6   | Reached skill level 7 in Invocations
 19328 | Lair:6   | Reached skill level 17 in Axes
 19450 | Lair:6   | Noticed a dire elephant
 19504 | Lair:5   | Killed a dire elephant
 19780 | Lair:5   | Reached skill level 8 in Invocations
 20326 | Lair:6   | Reached skill level 9 in Invocations
 20343 | Lair:6   | Received a gift from Okawaru
 20883 | Lair:6   | Found a staircase to the Slime Pits.
 20902 | Lair:6   | Reached skill level 18 in Axes
 20938 | Lair:6   | Reached XP level 14. HP: 127/145 MP: 20/20
 21109 | Lair:5   | Reached skill level 10 in Invocations
 21723 | Lair:6   | HP: 28/145 [komodo dragon (20)]
 21730 | Lair:6   | HP: 20/145 [drowned by a drowned soul[a merfolk avatar] (14)]
 21732 | Lair:6   | Drowned by a drowned soul

Skill      XL: |  1  2  3  4  5  6  7  8  9 10 11 12 13 14 |
---------------+-------------------------------------------+-----
Axes           | 3 4 5 6 8 9 11 13 15 16 18 | 18.6
Fighting       | 5 9 12 13 | 13.5
Armour         | 5 9 12 13 | 13.5
Invocations    | 5 9 10 | 10.7
Shields        | |  3.6

Action                   |  1- 3 |  4- 6 |  7- 9 | 10-12 | 13-15 || total
-------------------------+-------+-------+-------+-------+-------++-------
Melee: War axe           |    77 |    85 |   377 |   714 |   388 ||  1641
       Headbutt          |    15 |    13 |    92 |   208 |   145 ||   473
       Whip              |       |    24 |    51 |       |       ||    75
Invok: Heroism           |       |       |       |     1 |     4 ||     5
Evoke: Wand              |       |       |     3 |       |       ||     3
  Use: Scroll            |       |     9 |    10 |    10 |       ||    29
       Potion            |       |       |     2 |     6 |     2 ||    10
  Eat: Chunk             |       |     5 |    13 |    22 |    11 ||    51
       Beef jerky        |       |     1 |     2 |     5 |       ||     8
       Meat ration       |       |       |     1 |       |       ||     1
       Fruit             |       |       |       |     4 |       ||     4
Armor: Scale mail        |    36 |    42 |    87 |       |       ||   165
       Ring mail         |       |       |    26 |   126 |       ||   152
       Chain mail        |       |       |       |   111 |   186 ||   297
Dodge: Dodged            |    25 |    42 |    85 |   183 |   128 ||   463
Block: Shield            |    50 |    67 |   180 |   272 |   181 ||   750

Vault maps used:
D:1:      dpeg_arrival_erosion, serial_forest, infiniplex_forest_clump_double,
          infiniplex_forest_end_1, infiniplex_forest_end_3,
          infiniplex_forest_straight_2, infiniplex_forest_lined_4_way,
          infiniplex_forest_clump_diagonal, infiniplex_forest_side_room
D:2:      first_bread, nemelex_spade_bored_becter
D:3:      portal_sewer_entry_a
D:4:      lemuel_angel_altar, uniq_blork_the_orc
D:6:      basic_altar, serial_park_tiny_2, uniq_edmund, uniq_pikel
D:7:      serial_glass, glass_columns_b, glass_columns_a, glass_columns_c,
          glass_columns_a, glass_columns_a, glass_columns_b,
          chequers_ossuary_entry_cave, grunt_ogre_cave, st_stairs_12
D:8:      serial_undead, serial_undead_d, serial_undead_a, serial_undead_d,
          serial_undead_b
D:10:     enter_bailey_7, minmay_statues_item
D:11:     grunt_lair_entry_orc_guard_hut, orc_0_dummy, uniq_erolcha
Temple:   kilobyte_greek_temple
Lair:1:   minivault_11, lemuel_fruit_fields
Lair:2:   beast_lair_carwin_3, serial_bayou_shore_b, grunt_megastairs_5
Lair:3:   basic_altar
Lair:4:   shoals_dummy_entry, minmay_snake_entry_guardpost_small,
          lab_entry_generic, minmay_lindwurm_lava, uniq_sonja
Lair:5:   grunt_megastairs_3, lemuel_fruit_fields
Lair:6:   gammafunk_lair_ancient_temple, slime_dummy, bh_autumn_forest_stairs
Sewer:    sewer_frog_island_01
Ossuary:  ossuary_tomb_2

Table legend:
 A = Turns spent in this place as a percentage of turns spent in the entire game.
 B = Non-inter-level travel turns spent in this place as a percentage of non-inter-level travel turns spent in the entire game.
 C = Inter-level travel turns spent in this place as a percentage of turns spent in this place.
 D = Turns resting spent in this place as a percentage of non-inter-level travel turns spent in this place.
 E = Turns spent auto-exploring this place as a percentage of non-inter-level travel turns spent in this place.
 F = Non-inter-level travel turns spent in this place divided by the number of levels of this place that you've seen.
                   A       B       C       D       E      F
               +-------+-------+-------+-------+-------+----------------------
         Total | 100.0 | 100.0 |   0.4 |   4.0 |   6.9 | 282.9
       Dungeon |  50.4 |  50.4 |   0.4 |   4.1 |   9.6 | 259.5
        Temple |   0.5 |   0.5 |   3.3 |   0.0 |   3.4 |  29.0
          Lair |  41.4 |  41.4 |   0.5 |   4.4 |   4.6 | 390.0
         Sewer |   3.8 |   3.8 |   0.0 |   1.4 |   1.9 | 215.0
       Ossuary |   3.9 |   3.9 |   0.0 |   1.8 |   2.3 | 220.0
               +-------+-------+-------+-------+-------+----------------------

Table legend:
 A = Kills in this place as a percentage of kills in entire the game.
 B = Kills by you in this place as a percentage of kills by you in the entire game.
 C = Kills by friends in this place as a percentage of kills by friends in the entire game.
 D = Other kills in this place as a percentage of other kills in the entire game.
 E = Experience gained in this place as a percentage of experience gained in the entire game.
 F = Experience gained in this place divided by the number of levels of this place that you have seen.
                   A       B       C       D       E      F
               +-------+-------+-------+-------+-------+----------------------
         Total | 100.0 | 100.0 |  -nan |  -nan | 100.0 | 3840.1
       Dungeon |  51.0 |  51.0 |  -nan |  -nan |  19.9 | 1389.1
          Lair |  38.3 |  38.3 |  -nan |  -nan |  79.2 | 10136.3
         Sewer |   3.8 |   3.8 |  -nan |  -nan |   0.3 | 212.0
       Ossuary |   6.9 |   6.9 |  -nan |  -nan |   0.6 | 493.0
               +-------+-------+-------+-------+-------+----------------------
